 Dungeon Crawl Stone Soup version 0.28.0-43-g3370ac3207 (webtiles) character file.

Game seed: 1906367258828744140

2 cbfl8 the Sneak (level 1, 0/20 HPs)
             Began as a Minotaur Delver on Mar 2, 2022.
             Succumbed to an adder's poison
             ... on level 4 of the Dungeon.
             The game lasted 00:00:37 (57 turns).

cbfl8 the Sneak (Minotaur Delver)                     Turns: 57, Time: 00:00:38

Health: 0/20       AC:  3    Str: 16    XL:     1   Next: 25%
Magic:  0/0        EV: 11    Int:  7    God:
Gold:   0          SH:  0    Dex: 11    Spells: 0/0 levels left

rFire   . . .      SeeInvis .   a - +0 hand axe
rCold   . . .      Faith    .   (no shield)
rNeg    . . .      Spirit   .   b - +0 leather armour
rPois   .          Reflect  .   (helmet restricted)
rElec   .          Harm     .   (no cloak)
rCorr   .          Rampage  .   (no gloves)
Will    .....                   (no boots)
Stlth   ++........              (no amulet)
HPRegen 0.06/turn               (no ring)
MPRegen 0.07/turn               (no ring)

@: lethally poisoned (0 -> -5)
A: horns 2, retaliatory headbutt
a: no special abilities


You were on level 4 of the Dungeon.
You visited 1 branch of the dungeon, and saw 2 of its levels.

Inventory:

Hand Weapons
 a - a +0 hand axe (weapon)
Armour
 b - a +0 leather armour (worn)
Wands
 g - a wand of digging (3)
Scrolls
 c - a scroll of fog
 e - a scroll of fear
Potions
 d - a potion of resistance {unknown}
 f - a potion of haste


   Skills:
 + Level 3.8 Fighting
 + Level 2.4 Axes
 + Level 2.1 Dodging
 + Level 4.1 Stealth


You couldn't memorise any spells.
You didn't know any spells.
Your spell library was empty.

Dungeon Overview and Level Annotations

Branches:
Dungeon (5/15)
 Temple: D:4-7

Altars:


Innate Abilities, Weirdness & Mutations

You have a pair of horns on your head.
You reflexively headbutt those who attack you in melee.


Message History

You hit the adder. The adder bites you but does no damage.
The orc hits you with a +0 mace. The adder bites you but does no damage.
You hit the orc.
The orc is almost dead.
You closely miss the adder. The adder bites you.
You are poisoned.
The adder poisons you! The orc hits you with a +0 mace.
The adder barely misses you. You furiously retaliate!
You headbutt the adder. You closely miss the orc. Your headbutt misses the orc.
The orc is almost dead.
You closely miss the adder.
You feel sick. The orc hits you but does no damage.
The adder completely misses you. The orc hits you but does no damage.
You miss the adder. Your headbutt misses the adder.
The adder is heavily wounded.
You hit the orc.
You kill the orc!
You feel sick. The adder bites you but does no damage.
The adder closely misses you.
Unknown command.
You barely miss the adder.
The adder is heavily wounded.
You barely miss the quokka.
You feel sick.
You are no longer poisoned.
The quokka bites you.
* * * LOW HITPOINT WARNING * * *
The adder bites you but does no damage.
You hit the quokka.
The quokka is lightly wounded.
You closely miss the adder.
The quokka bites you but does no damage.
The adder closely misses you.
The quokka bites you but does no damage.
The adder bites you.
* * * LOW HITPOINT WARNING * * *
You are lethally poisoned!
The adder poisons you!
You miss the adder.
The adder is heavily wounded.
You barely miss the quokka.
You die...

.#.##### .#.# #. .#.#
##.########## .#+##
...........# ....# #.#
..........# ....###..
..## ........># ...##..
..##........#
...#.####+####.#........#
...............r@S......#
...######+######........#
........................#
..(#.####+####.#........#
#####.. ..##.........
##.. ..## .......... #.#
#.##.#####. # # .. .# ###
..


You could see an adder and a quokka.

Vanquished Creatures
  An orc (D:4)
1 creature vanquished.

Notes
Turn   | Place    | Note
-------+----------+-------------------------------------------
     0 | D:5      | cbfl8 the Minotaur Delver began the quest for the Orb.
     0 | D:5      | Reached XP level 1. HP: 19/19 MP: 0/0
    57 | D:4      | Succumbed to an adder's poison

Illustrated notes

Levels and vault maps discovered:
D:4:      layout_basic, interstate_on_off, minmay_diced_spiral,
          uniq_blork_the_orc
D:5:      layout_cave_pools, minmay_increasing_density

Action                   || total
-------------------------++-------
Melee: Hand axe          ||     8
  Use: Scroll            ||     1
Armor: Leather armour    ||     8
Dodge: Dodged            ||     6
